 Dungeon Crawl Stone Soup version 0.18.1-47-g9310371 (webtiles) character file.

954 Implojin the Cleaver (level 7, -2/85 HPs)
             Began as a Minotaur Berserker on June 22, 2016.
             Was a Priest of Trog.
             Slain by a killer bee (3 damage)
             ... on level 10 of the Dungeon.
             The game lasted 00:10:37 (1567 turns).

Implojin the Cleaver (Minotaur Berserker)           Turns: 1567, Time: 00:10:38

Health: -2/85      AC: 23    Str: 21    XL:     7   Next: 90%
Magic:  6/6        EV:  2    Int:  4    God:    Trog [***...]
Gold:   129        SH:  0    Dex: 12    Spells: 0 memorised, 6 levels left

rFire  + . .     SeeInvis .     f - +0 war axe
rCold  + . .     Gourm    .     (armour currently unavailable)
rNeg   + + +     Faith    .     (no shield)
rPois  +         Spirit   .     (helmet currently unavailable)
rElec  +         Dismiss  .     (cloak currently unavailable)
rCorr  +         Reflect  .     (gloves currently unavailable)
SustAt .         Harm     .     (boots currently unavailable)
MR     ++...     NoTele   +     (no amulet)
Stlth  +.........               (no ring)
                                (no ring)

@: lethally poisoned (-2 -> -2), exhausted, tree-form, resistant, regenerating,
slowed, very heavily drained, very slow, very resistant to hostile enchantments,
very unstealthy
A: (retaliatory headbutt), (horns 0)
a: Berserk, Trog's Hand, Burn Spellbooks, Renounce Religion


You were on level 10 of the Dungeon.
You worshipped Trog.
Trog was most pleased with you.
You were very hungry.
You were a tree.
You visited 1 branch of the dungeon, and saw 10 of its levels.
You also visited: Sewer.

You collected 129 gold pieces.

Inventory:

Hand Weapons
 a - a +0 hand axe
 f - a +0 war axe (weapon)
 s - a +2 hand axe of chopping
Missiles
 g - 8 curare-tipped needles
 t - 6 tomahawks (quivered)
Armour
 b - a +0 animal skin
 d - a +0 scale mail
 i - a +0 ring mail
 k - a +0 chain mail (melded)
 p - a +0 leather armour of fire resistance
Jewellery
 q - the ring of Niuc Iba {*Tele +Blink Int+3 Dex-5 Stlth+}
   (You found it in a sewer)

   [ring of teleportation]

   It may teleport you next to monsters.
   It affects your intelligence (+3).
   It affects your dexterity (-5).
   It lets you blink.
   It makes you more stealthy.
Scrolls
 e - a scroll of recharging {unknown}
 j - a scroll of remove curse
 n - a scroll of random uselessness
 o - a scroll of teleportation
 u - a scroll of amnesia {unknown}
Potions
 l - a potion of brilliance
Comestibles
 c - a bread ration
 h - a royal jelly


   Skills:
 - Level 3.6(0.0) Fighting
 * Level 11.3(4.1) Axes
 - Level 2.4(0.0) Armour
 - Level 2.1(0.0) Dodging


You had 6 spell levels left.
You didn't know any spells.

Dungeon Overview and Level Annotations

Branches:
Dungeon (10/15)            Temple (0/1) D:6
   Lair: D:8-11         Orc: D:9-12

Altars:
Cheibriados
Dithmenos
Nemelex Xobeh
Ru
Sif Muna
The Shining One

Shops:
D:8 [

Annotations:
D:6 exclusion: oklob sapling
D:10 Sonja


Innate Abilities, Weirdness & Mutations

((You reflexively headbutt those who attack you in melee.))
((You have a pair of horns on your head.))


Message History

* * * LOW HITPOINT WARNING * * *
The killer bee completely misses you.
The killer bee stings you but does no damage. x2
Unknown command.
Drink which item? (? for menu, Esc to quit)
Okay, then.
Your skin crawls.
You feel resistant to hostile enchantments.
You feel slightly more hungry.
You feel sick. The killer bee barely misses you.
The killer bee stings you but does no damage. x5
The killer bee barely misses you.
The killer bee stings you but does no damage. x5
Okay, then.
You slash the killer bee!
The killer bee is severely wounded.
You closely miss the killer bee. You barely miss the killer bee.
You miss the killer bee.
You feel sick.
The killer bee stings you but does no damage. x2
The killer bee barely misses you.
The killer bee stings you but does no damage. x2
The killer bee stings you.
* * * LOW HITPOINT WARNING * * *
The killer bee stings you but does no damage. x4
The killer bee barely misses you. The killer bee stings you.
* * * LOW HITPOINT WARNING * * *
The killer bee stings you but does no damage. x2
Read which item? (? for menu, Esc to quit)
Okay, then.
You closely miss the killer bee.
The killer bee is severely wounded.
You hit the killer bee.
The killer bee is lightly wounded.
You miss the killer bee. You closely miss the killer bee.
You feel sick.
The killer bee stings you but does no damage. x2
The killer bee stings you.
* * * LOW HITPOINT WARNING * * *
The killer bee barely misses you.
The killer bee stings you but does no damage. x3
The killer bee stings you.
You die...

..<......$...# .............#
.............# .............#
.............# .............#
....?...y....# .......♣y....#
.......yy....+ ........?....#
############### ########..
...######
#......#.#####..#....###+######
#......#........#....#...(....#
#....<.#........#....#........#
.#+####'#........####'##.......#


You could see 4 killer bees.

Vanquished Creatures
  The ghost of Antithesis the Poker, a novice MfBe of Trog (D:5)
  An orc warrior (D:4)
  A crocodile (Sewer)
  A giant frog (D:5)
  A scorpion (D:4)
  2 crimson imps
  2 hounds
  3 orc wizards
  Ijyb (D:3)
  4 adders
  A shadow imp (D:6)
  An ooze (D:4)
  2 worms (D:2)
  4 giant geckos
  19 orcs
  4 giant cockroaches
  3 goblins
  5 hobgoblins
  3 jackals
  2 giant newts
  A jackal skeleton (D:4)
  3 kobolds (Sewer)
  2 rats
67 creatures vanquished.

Notes
Turn   | Place    | Note
--------------------------------------------------------------
     0 | D:1      | Implojin the Minotaur Berserker began the quest for the Orb.
     0 | D:1      | Reached XP level 1. HP: 19/19 MP: 0/0
    98 | D:2      | Reached skill level 4 in Axes
   111 | D:2      | Reached XP level 2. HP: 10/26 MP: 1/1
   207 | D:3      | Reached skill level 5 in Axes
   212 | D:3      | Reached XP level 3. HP: 10/31 MP: 2/2
   221 | D:3      | Noticed Ijyb
   225 | D:3      | Killed Ijyb
   338 | D:3      | Reached ** piety under Trog
   352 | D:3      | Reached skill level 6 in Axes
   352 | D:3      | Reached XP level 4. HP: 31/39 MP: 3/3
   428 | D:3      | Found a glowing drain.
   608 | Sewer    | Entered a sewer
   654 | Sewer    | Noticed a crocodile
   661 | Sewer    | Killed a crocodile
   661 | Sewer    | Reached skill level 7 in Axes
   661 | Sewer    | Reached XP level 5. HP: 45/45 MP: 4/4
   674 | Sewer    | Got a sparkling copper ring
   729 | D:3      | Identified the ring of Niuc Iba {*Tele +Blink Int+3 Dex-5 Stlth+} (You found it in a sewer)
   770 | D:4      | Noticed an orc warrior
   781 | D:4      | Killed an orc warrior
   781 | D:4      | Reached skill level 8 in Axes
   781 | D:4      | Reached XP level 6. HP: 12/51 MP: 5/5
   934 | D:5      | Entered Level 5 of the Dungeon
   944 | D:4      | Reached skill level 9 in Axes
  1199 | D:5      | Noticed Antithesis's ghost (novice MfBe)
  1217 | D:5      | Killed Antithesis's ghost
  1217 | D:5      | Reached skill level 10 in Axes
  1217 | D:5      | Reached XP level 7. HP: 39/57 MP: 6/6
  1294 | D:6      | Reached *** piety under Trog
  1294 | D:6      | Reached skill level 11 in Axes
  1297 | D:6      | Found a staircase to the Ecumenical Temple.
  1376 | D:6      | Found a deep blue altar of Sif Muna.
  1380 | D:6      | Found a glowing golden altar of the Shining One.
  1383 | D:6      | Found a snail-covered altar of Cheibriados.
  1383 | D:6      | Found a sparkling altar of Nemelex Xobeh.
  1383 | D:6      | Found a shadowy altar of Dithmenos.
  1383 | D:6      | Found a sacrificial altar of Ru.
  1426 | D:8      | Found Basmiuh's Armour Shop.
  1517 | D:10     | Entered Level 10 of the Dungeon
  1539 | D:10     | Noticed Sonja
  1567 | D:10     | HP: 1/85 [killer bee (6)]
  1567 | D:10     | Slain by a killer bee

Skill      XL: |  1  2  3  4  5  6  7 |
---------------+----------------------+-----
Axes           | 4 5 6 7 8 10 11 | 11.3
Fighting       | |  3.6
Armour         | |  2.4
Dodging        | |  2.1

Action                   |  1- 3 |  4- 6 |  7- 9 || total
-------------------------+-------+-------+-------++-------
Melee: Hand axe          |    42 |    18 |       ||    60
       Headbutt          |     9 |    10 |     3 ||    22
       War axe           |       |    52 |    30 ||    82
Invok: Berserk           |     2 |     3 |     1 ||     6
       Trog's Hand       |       |       |     1 ||     1
  Use: Scroll            |       |     3 |     3 ||     6
       Potion            |       |     1 |     3 ||     4
  Eat: Chunk             |       |     5 |     2 ||     7
Armor: Scale mail        |     9 |    35 |     7 ||    51
       Skin              |       |       |    32 ||    32
       Chain mail        |       |       |    18 ||    18
Dodge: Dodged            |    19 |    46 |    29 ||    94

Table legend:
 A = Turns spent in this place as a percentage of turns spent in the entire game.
 B = Non-inter-level travel turns spent in this place as a percentage of non-inter-level travel turns spent in the entire game.
 C = Inter-level travel turns spent in this place as a percentage of turns spent in this place.
 D = Turns resting spent in this place as a percentage of non-inter-level travel turns spent in this place.
 E = Turns spent auto-exploring this place as a percentage of non-inter-level travel turns spent in this place.
 F = Non-inter-level travel turns spent in this place divided by the number of levels of this place that you've seen.
                   A       B       C       D       E      F
               +-------+-------+-------+-------+-------+----------------------
         Total | 100.0 | 100.0 |   0.0 |   1.6 |   0.0 | 104.7
       Dungeon |  91.5 |  91.5 |   0.0 |   1.7 |   0.0 | 105.4
         Sewer |   8.5 |   8.5 |   0.0 |   0.0 |   0.0 |  98.0
               +-------+-------+-------+-------+-------+----------------------

Table legend:
 A = Kills in this place as a percentage of kills in entire the game.
 B = Kills by you in this place as a percentage of kills by you in the entire game.
 C = Kills by friends in this place as a percentage of kills by friends in the entire game.
 D = Other kills in this place as a percentage of other kills in the entire game.
 E = Experience gained in this place as a percentage of experience gained in the entire game.
 F = Experience gained in this place divided by the number of levels of this place that you have seen.
                   A       B       C       D       E      F
               +-------+-------+-------+-------+-------+----------------------
         Total | 100.0 | 100.0 |  -nan |  -nan | 100.0 | 123.9
       Dungeon |  91.0 |  91.0 |  -nan |  -nan |  91.8 | 125.1
         Sewer |   9.0 |   9.0 |  -nan |  -nan |   8.2 | 112.0
               +-------+-------+-------+-------+-------+----------------------
